 Dungeon Crawl Stone Soup version 0.22-a0-567-gff9aefc (webtiles) character file.

585 galech the Skirmisher (level 7, 0/75 HPs)
             Began as an Ogre Berserker on June 29, 2018.
             Was a Priest of Trog.
             Slain by a hound (5 damage)
             ... on level 4 of the Dungeon.
             The game lasted 00:04:51 (4139 turns).

galech the Skirmisher (Ogre Berserker)              Turns: 4139, Time: 00:04:51

Health: 0/75       AC:  3    Str: 22    XL:     7   Next: 37%
Magic:  7/7        EV: 11    Int:  8    God:    Trog [***...]
Gold:   195        SH:  3    Dex: 10    Spells: 6/6 levels left

rFire    . . .     SeeInvis .   a - +0 mace
rCold    . . .     Gourm    .   (no shield)
rNeg     . . .     Faith    .   b - +0 animal skin
rPois    .         Spirit   .   (helmet restricted)
rElec    .         Reflect  +   (no cloak)
rCorr    .         Harm     .   (gloves unavailable)
MR       ++...                  (boots unavailable)
Stlth    +.........             f - +3 amulet of reflection
HPRegen  1.22/turn              (no ring)
MPRegen  0.10/turn              (no ring)

@: berserk cooldown, regenerating, slowed, very slow
A: large, unfitting armour, tough skin 1
a: Berserk, Trog's Hand, Renounce Religion


You were on level 4 of the Dungeon.
You worshipped Trog.
Trog was most pleased with you.
You were not hungry.

You visited 1 branch of the dungeon, and saw 5 of its levels.

You collected 195 gold pieces.

Inventory:

Hand Weapons
 a - a +0 mace (weapon)
Armour
 b - a +0 animal skin (worn)
Jewellery
 f - a +3 amulet of reflection (around neck)
Scrolls
 e - a scroll of amnesia
 g - a scroll of magic mapping
 h - a scroll of enchant weapon
 j - a scroll of enchant armour {unknown}
 k - 3 scrolls of fog
 m - 2 scrolls of fear {unknown}
 n - a scroll of teleportation
 o - 2 scrolls of noise
 r - 2 scrolls of blinking
 t - a scroll of identify
Potions
 d - a potion of might {unknown}
 i - a potion of curing
 l - a potion of haste {unknown}
 p - a potion of heal wounds {unknown}
 q - a potion of invisibility {unknown}
 s - a potion of magic {unknown}
Comestibles
 c - 11 rations


   Skills:
 + Level 6.0 Fighting
 + Level 5.7 Maces & Flails
 + Level 4.4 Dodging
 + Level 0.4 Stealth


You had 6 spell levels left.
You didn't know any spells.
Your spell library was empty.

Dungeon Overview and Level Annotations

Branches:
Dungeon (5/15)
 Temple: D:4-7

Altars:

Annotations:
D:5 Grinder


Innate Abilities, Weirdness & Mutations

You are too large for most types of armour.
You have tough skin. (AC +1)


Message History

You block the hound's attack. The hound barely misses you. The hound bites you.
* * * LOW HITPOINT WARNING * * *
There is a stone staircase leading up, spattered with blood here.
The hound misses you. The hound bites you.
* * * LOW HITPOINT WARNING * * *
The hound completely misses you.
You climb upwards.
There is a stone staircase leading down here.
Your skin crawls.
You feel resistant to hostile enchantments.
You are starving!
The hound bites you.
* * * LOW HITPOINT WARNING * * *
The hound bites you.
* * * LOW HITPOINT WARNING * * *
You eat one of the 12 rations.
That ration really hit the spot!
The hound bites you.
You die...

#...######..........##.#.....
##### #..(................
#..........##.###.<.
##............# #.##
####...........#####.#
#.............#####..#
######.##..........###)(..#
##......##..........#)..##.##
#...........@h...............
##########[........##.##..###
#####))#......###.##.##
#......##.###.....#..####
#.##..###.# #.......###..
#....## #.###......##...#
###### #.............###
#####.>...##### #.....#


You could see a hound.

Vanquished Creatures
  A scorpion (D:4)
  2 centaur zombies
  A hound (D:3)
  A gnoll shaman (D:4)
  An orc priest (D:3)
  An iguana (D:4)
  An orc wizard (D:4)
  Jessica (D:2)
  Terence (D:3)
  2 worker ants (D:4)
  A hound skeleton (D:3)
  3 gnolls (D:4)
  8 adders
  An adder zombie (D:3)
  3 adder skeletons
  3 worms
  2 dart slugs (D:1)
  5 leopard geckos
  6 orcs
  3 ball pythons
  3 giant cockroaches
  7 goblins
  5 hobgoblins
  10 jackals (D:2)
  5 quokkas
  2 ball python zombies (D:3)
  7 bats
  4 frilled lizards
  4 kobolds
  A leopard gecko zombie (D:3)
  5 rats
100 creatures vanquished.

Notes
Turn   | Place    | Note
-------+----------+-------------------------------------------
     0 | D:1      | galech the Ogre Berserker began the quest for the Orb.
     0 | D:1      | Reached XP level 1. HP: 24/24 MP: 1/1
   122 | D:1      | Reached XP level 2. HP: 32/32 MP: 2/2
   536 | D:2      | Reached ** piety under Trog
   536 | D:2      | Reached XP level 3. HP: 40/40 MP: 3/3
   738 | D:2      | Noticed Jessica
   744 | D:2      | Killed Jessica
   744 | D:2      | Reached XP level 4. HP: 49/49 MP: 4/4
   956 | D:2      | Reached skill level 5 in Fighting
  1377 | D:3      | Reached XP level 5. HP: 57/57 MP: 5/5
  1388 | D:3      | Reached *** piety under Trog
  1572 | D:3      | Noticed Terence
  1585 | D:3      | Killed Terence
  1828 | D:3      | Reached XP level 6. HP: 32/66 MP: 6/6
  2554 | D:4      | Reached skill level 5 in Maces & Flails
  3422 | D:4      | Reached XP level 7. HP: 74/74 MP: 7/7
  4105 | D:5      | Entered Level 5 of the Dungeon
  4105 | D:5      | Noticed Grinder
  4117 | D:5      | Reached skill level 6 in Fighting
  4138 | D:4      | HP: 3/75 [hound (5)]
  4139 | D:4      | Slain by a hound

Vault maps used:
D:1:      scummos_arrival_simple_crosswalls, minmay_heptomino_l4
D:2:      uniq_jessica
D:3:      serial_undead, serial_undead_e, serial_undead_a, serial_undead_d,
          serial_undead_a, serial_undead_b, serial_undead_f, uniq_terence
D:5:      nicolae_overflow_hidden_temple, minmay_temple_entry_overgrown,
          first_ration, uniq_grinder

Skill      XL: |  1  2  3  4  5  6  7 |
---------------+----------------------+-----
Maces & Flails | 3 4 5 |  5.7
Dodging        | 3 4 |  4.4
Fighting       | 5 6 |  6.0
Stealth        | |  0.4

Action                   |  1- 3 |  4- 6 |  7- 9 || total
-------------------------+-------+-------+-------++-------
Melee: Mace              |    99 |   210 |    71 ||   380
Invok: Berserk           |     3 |     6 |     2 ||    11
       Trog's Hand       |       |       |     1 ||     1
  Use: Scroll            |       |     9 |       ||     9
  Eat: Chunk             |     2 |     7 |     3 ||    12
       Ration            |       |     2 |     1 ||     3
Armor: Animal skin       |    50 |    51 |    15 ||   116
Dodge: Dodged            |    84 |   158 |    67 ||   309
Block: Other             |       |    21 |    10 ||    31

Table legend:
 A = Spawn XP
 B = Non-spawn XP
 C = Spawn XP percentage of total XP
 D = Spawn monster count
 E = Non-spawn monster count
 F = Spawn count percentage of total count
 G = Total turns spent on level
                    A         B        C        D         E        F      G
               +---------+---------+-------+---------+---------+-------+---------
         Total |       0 |     837 |   0.0 |       0 |     100 |   0.0 |  4139
               +---------+---------+-------+---------+---------+-------+---------
           D:1 |       0 |      33 |   0.0 |       0 |      19 |   0.0 |   532
           D:2 |       0 |     119 |   0.0 |       0 |      32 |   0.0 |   842
           D:3 |       0 |     252 |   0.0 |       0 |      26 |   0.0 |  1445
           D:4 |       0 |     388 |   0.0 |       0 |      22 |   0.0 |  1288
           D:5 |       0 |      45 |   0.0 |       0 |       1 |   0.0 |    32
               +---------+---------+-------+---------+---------+-------+---------
